 Dungeon Crawl Stone Soup version 0.13.0-17-g5f0e85f (webtiles) character file.

25412 Narretz the Thaumaturge (level 12, 0/83 HPs)
             Began as a Mummy Conjurer on Oct 20, 2013.
             Was an Elder of Sif Muna.
             Slain by a spiny worm (8 damage)
             ... on Level 1 of the Lair of Beasts on Oct 21, 2013.
             The game lasted 03:33:27 (25649 turns).

Narretz the Thaumaturge (Mummy Conjurer)           Turns: 25649, Time: 03:33:27

HP   0/83        AC  8     Str 11      XL: 12   Next: 83%
MP   4/29        EV  2     Int 18      God: Sif Muna [****..]
Gold 611         SH  0     Dex 12      Spells:  6 memorised, 12 levels left

Res.Fire  : + . .   See Invis. : .   C - +9,+1 mace of the Seven Demons {freeze, *Rage rC+}
Res.Cold  : + . .   Warding    : .   z - +2 robe {rF+}
Life Prot.: + + +   Conserve   : .   N - +1 buckler
Res.Poison: +       Res.Corr.  : .   m - +0 helmet
Res.Elec. : .       Clarity    : .   (no cloak)
Sust.Abil.: . .     Spirit.Shd : .   r - -1 pair of gauntlets
Res.Mut.  : .       Stasis     : +   y - +2 pair of dwarf boots
Res.Rott. : +       Flight     : .   B - amulet of stasis
Saprovore : . . .                    (no ring)
                                     D - ring of fire

@: petrified, studying Polearms, quite resistant to hostile enchantments, quite
stealthy
A: no food or potions, fire vulnerability, restore body, cold resistance 1, life
protection 3, poison resistance, torment resistance, unbreathing
a: Channel Energy, Forget Spell, Renounce Religion


You were on level 1 of the Lair of Beasts.
You worshipped Sif Muna.
Sif Muna was greatly pleased with you.
You were not hungry.

You visited 3 branches of the dungeon, and saw 17 of its levels.

You collected 876 gold pieces.
You spent 285 gold pieces at shops.

Inventory:

Hand weapons
 f - a +0,+0 whip
 n - a +0,-1 dwarven hand axe
 C - the +9,+1 mace of the Seven Demons (weapon) {freeze, *Rage rC+}
   (You found it on level 4 of the Dungeon)

   It has been specially enchanted to freeze those struck by it, causing extra
   injury to most foes and up to double damage against particularly susceptible
   opponents.
   It can also slow down cold-blooded creatures.
   It protects you from cold.
   It makes you angry.
Missiles
 e - 23 darts
 g - 2 silver javelins
 o - 12 poisoned needles
 p - 3 poisoned javelins (quivered)
 s - 2 javelins of penetration
Armour
 m - a +0 helmet (worn)
 q - the +1 robe of Ypnivu Lonk {rPois rC++ Str+2}
   (You found it on level 3 of the Lair of Beasts)

   It affects your strength (+2).
   It greatly protects you from cold.
   It protects you from poison.
 r - a -1 pair of gauntlets (worn)
 y - a +2 pair of dwarven boots (worn)
 z - a +2 robe of fire resistance (worn)
 N - a +1 buckler (worn)
Magical devices
 a - a wand of random effects (5)
 d - a wand of flame (7)
 h - a wand of hasting (0)
 l - a wand of paralysis (20)
 E - a wand of confusion (12)
 F - a wand of paralysis (17)
 G - a wand of polymorph (14)
 J - a wand of draining (0)
 K - a wand of paralysis (5)
 M - a wand of hasting (4)
 O - a wand of slowing (1)
 S - a wand of draining (0)
Scrolls
 b - 7 scrolls of remove curse
 i - 3 scrolls of magic mapping
 k - a scroll of enchant weapon II
 t - 3 scrolls of fear
 u - 3 scrolls of amnesia
 v - a scroll of curse armour {unknown}
 w - 3 scrolls of fog
 x - 2 scrolls of enchant armour {unknown}
 A - a scroll of vulnerability {unknown}
 I - 2 scrolls of blinking {unknown}
 Q - 4 scrolls of teleportation
 R - 2 scrolls of identify
Jewellery
 B - an amulet of stasis (around neck)
 D - a ring of fire (left hand)
Books
 c - a book of Conjurations

   Spells                             Type                      Level
   *Magic Dart                        Conjuration                  1
   *Searing Ray                       Conjuration                  2
   *Dazzling Spray                    Conjuration/Hexes            3
   *Iskenderun's Mystic Blast         Conjuration                  4
   *Iskenderun's Battlesphere         Conjuration/Charms           4
   Fulminant Prism                    Conjuration/Hexes            5
 H - a manual of Polearms
 L - Nygreyps' Disquisition on the Damaging Oath
   (You found it on level 1 of the Lair of Beasts)

   Spells                             Type                      Level
   *Dazzling Spray                    Conjuration/Hexes            3
   Spectral Weapon                    Hexes/Charms                 3
   Leda's Liquefaction                Hexes/Earth                  4
   Cause Fear                         Hexes                        4
   Poisonous Cloud                    Conjuration/Poison/Air       6
 P - a book of Enchantments

   Spells                             Type                      Level
   Cause Fear                         Hexes                        4
   *Silence                           Hexes/Air                    5
   Tukima's Dance                     Hexes                        5
   Deflect Missiles                   Charms/Air                   6
   Haste                              Charms                       6
   Discord                            Hexes                        8
Miscellaneous
 j - a sack of spiders


   Skills:
 - Level 6.0 Fighting
 * Level 3.1 Maces & Flails
 - Level 0.1 Throwing
 + Level 7.0 Dodging
 + Level 5.4 Stealth
 * Level 5.4 Shields
 - Level 10.3 Spellcasting
 + Level 9.2 Conjurations
 + Level 5.2 Hexes
 * Level 2.2 Charms
 + Level 1.6 Air Magic
 + Level 2.2 Invocations
 + Level 1.5 Evocations


You had 12 spell levels left.
You knew the following spells:

 Your Spells              Type           Power        Failure   Level  Hunger
a - Magic Dart            Conj           ####         1%          1    N/A
b - Searing Ray           Conj           #####.       1%          2    N/A
c - Dazzling Spray        Conj/Hex       #####...     1%          3    N/A
d - Iskenderun's Mystic   Conj           #####...     1%          4    N/A
e - Silence               Hex/Air        ###.......   54%         5    N/A
f - Iskenderun's Battles  Conj/Chrm      ####....     10%         4    N/A

Dungeon Overview and Level Annotations

Branches:
Dungeon (11/27)            Temple (1/1) D:6             Orc (0/4) D:10
   Lair (5/8) D:10         Shoals (0/5) Lair:3       Spider (0/5) Lair:5

Altars:
Ashenzari
Fedhas
Makhleb
Sif Muna
Xom
the Shining One
Beogh

Shops:
D:7 ?   D:8 *

Annotations:
D:4 exclusion: downstairs
D:7 exclusion: door
D:8 exclusion: sky beast
D:9 exclusion: downstairs
D:10 Unseen Horror nearby Shroom infestation, exclusion: downstairs
D:11 exclusion: hydra, Sonja
Lair:2 Harold
Lair:3 exclusions: downstairs, hydra and upstairs
Lair:5 exclusions: death yak, downstairs, 2 elephants and hydra


Innate Abilities, Weirdness & Mutations

You do not eat or drink.
Your flesh is vulnerable to fire.
Your flesh is cold resistant.
You are immune to negative energy.
Your system is resistant to poisons.
You are immune to unholy pain and torment.
You can survive without breathing.


Message History

Press: ? - help, Shift-Dir - straight line, f - you, p - spiny frog Nothing appears to happen.
The spiny frog closely misses you. The basilisk gazes at you. You resist.
The spiny frog stings you!
* * * LOW HITPOINT WARNING * * *
You have turned to stone.
The basilisk gazes at you. You resist. The spiny worm stings you.
* * * LOW HITPOINT WARNING * * *
You are splashed with acid!
The acid corrodes your +0 pair of gauntlets!
The acid corrodes your +2 buckler!
The acid burns!
* * * LOW HITPOINT WARNING * * *
The spiny frog completely misses you.
The spiny frog is no longer blind.
The spiny frog stings you!
* * * LOW HITPOINT WARNING * * *
The basilisk bites you!
* * * LOW HITPOINT WARNING * * *
The spiny worm stings you!
You die...

.............#.##..............#.
...............#...#...#.##.#P.#.
............####.................
........#.%.###.......####.###f.
.....###...##...........#...[..
....+....#.#.#....P..#.#......
....####.#.#.P................ .
+.....................##..
.#........@.......#....#...
.........Flw#.....#.#..#...
...#..P...s................
........#..................
.....♣P..P...P..P.....P#.f
..##....PP..P.P.PP♣....... .
##♣.P.PPPP..PfPP♣#.....
##P.P.PPP.f.P..##.#.#.
#P.PP.♣P.f..P###.....


You could see a spiny worm, a basilisk, a spiny frog and a giant centipede.

Vanquished Creatures
  4 death yaks
  2 hydras
  A necromancer (Lair:2)
  2 elephants
  2 hill giants (D:10)
  A black mamba (Lair:5)
  7 spiny frogs
  Grinder (D:4)
  6 komodo dragons
  Prince Ribbit (D:7)
  A troll (D:10)
  9 blink frogs
  A wraith (D:10)
  2 wyverns
  12 yaks
  An elephant slug (D:10)
  2 hungry ghosts
  5 hippogriffs
  11 wolves
  Edmund (D:6)
  3 manticores
  2 porcupines
  A black bear (D:7)
  2 ice beasts
  7 orc warriors
  A sky beast (D:10)
  A yellow wasp (Lair:1)
  3 ogres
  A phantom (D:8)
  4 crocodiles
  Sigmund (D:4)
  6 water moccasins
  6 centaurs
  2 giant slugs
  4 agate snails
  9 giant frogs
  2 wyvern skeletons
  A manticore skeleton (D:7)
  7 jellyfish (Lair:1)
  8 wights
  2 electric eels (Lair:1)
  5 crimson imps
  7 jellies
  A spider (Lair:5)
  A centaur skeleton (D:4)
  14 hounds
  6 orc priests
  A scorpion (D:6)
  11 iguanas
  7 orc wizards
  9 worker ants
  2 grizzly bear simulacra (Lair:2)
  Ijyb (D:2)
  Jessica (D:3)
  4 ogre skeletons
  2 hound skeletons
  2 mummies
  4 gnolls
  16 adders
  59 green rats
  An inept feature mimic (D:2)
  3 giant centipedes
  8 giant mites
  5 hound simulacra (Lair:2)
  6 worms
  3 adder skeletons
  3 giant eyeballs
  6 oozes
  83 orcs
  3 sheep simulacra (Lair:2)
  28 bats
  5 giant cockroaches
  12 goblins
  21 hobgoblins
  16 jackals
  12 kobolds
  5 quokkas
  A sheep (D:7)
  2 ball pythons
  8 giant geckos
  6 giant newts
  2 giant spores
  A hobgoblin zombie (D:8)
  A kobold zombie (D:7)
  An orc zombie (D:9)
  27 rats
  A rat simulacrum (Lair:2)
  21 ballistomycetes
  2 fungi (Lair:4)
591 creatures vanquished.

Vanquished Creatures (others)
  A porcupine (Lair:3)
  An adder (D:10)
  3 jackals (Lair:3)
  11 giant spores (D:10)
  4 ballistomycetes (D:10)
  2 fungi
  A plant (Lair:4)
23 creatures vanquished.

Grand Total: 614 creatures vanquished

Notes
Turn   | Place    | Note
--------------------------------------------------------------
     0 | D:1      | Narretz, the Mummy Conjurer, began the quest for the Orb.
     0 | D:1      | Reached XP level 1. HP: 13/13 MP: 3/3
   276 | D:1      | Reached XP level 2. HP: 10/19 MP: 0/4
   765 | D:2      | Learned a level 2 spell: Searing Ray
   984 | D:1      | Reached XP level 3. HP: 18/24 MP: 0/5
  1326 | D:2      | Reached skill level 4 in Conjurations
  1422 | D:2      | Noticed Ijyb
  1478 | D:2      | Reached XP level 4. HP: 28/30 MP: 2/7
  2541 | D:2      | Killed Ijyb
  3265 | D:3      | Found a blossoming altar of Fedhas.
  3388 | D:3      | Noticed Jessica
  3465 | D:3      | Reached XP level 5. HP: 32/35 MP: 9/9
  3699 | D:3      | Killed Jessica
  3699 | D:3      | Reached skill level 1 in Fighting
  3764 | D:4      | Noticed Sigmund
  3840 | D:4      | Noticed Grinder
  3865 | D:4      | Paralysed by Grinder for 6 turns
  4180 | D:5      | Entered Level 5 of the Dungeon
  4683 | D:4      | Got a faintly glowing mace
  4684 | D:4      | Identified the mace of the Seven Demons {freeze, *Rage rC+} (You found it on level 4 of the Dungeon)
  4773 | D:4      | Killed Grinder
  4773 | D:4      | Reached XP level 6. HP: 30/42 MP: 1/13
  4882 | D:4      | Reached XP level 7. HP: 43/47 MP: 9/14
  5128 | D:5      | Learned a level 3 spell: Dazzling Spray
  5547 | D:5      | Reached skill level 5 in Conjurations
  5615 | D:5      | Noticed an ogre
  5621 | D:5      | Killed an ogre
  5671 | D:5      | Found a glowing golden altar of the Shining One.
  5672 | D:5      | Noticed an ice beast
  5686 | D:5      | Killed an ice beast
  6036 | D:6      | Reached XP level 8. HP: 46/54 MP: 7/18
  6505 | D:6      | Reached skill level 6 in Conjurations
  6887 | D:6      | Noticed Edmund
  7122 | D:7      | Reached skill level 1 in Hexes
  7157 | D:7      | Reached skill level 5 in Dodging
  7281 | D:7      | Found a shimmering altar of Xom.
  7368 | D:7      | Reached skill level 5 in Spellcasting
  7421 | D:7      | Noticed Prince Ribbit
  7448 | D:7      | Killed Prince Ribbit
  7448 | D:7      | Reached XP level 9. HP: 56/60 MP: 6/20
  7546 | D:7      | Found Afypyeta's Magic Scroll Shop.
  8430 | D:4      | Killed Sigmund
  8701 | D:8      | Found Frekolir's Assorted Antiques.
  8861 | D:8      | Learned a level 4 spell: Iskenderun's Mystic Blast
  9265 | D:8      | Got a twisted leather armour
  9422 | D:8      | Identified the cursed +2 leather armour "Imaamn" {Stlth+} (You found it on level 8 of the Dungeon)
  9856 | D:8      | Bought a paperback book for 285 gold pieces
 10018 | D:9      | Reached skill level 7 in Conjurations
 10661 | D:9      | Learned a level 5 spell: Silence
 11040 | D:7      | Reached XP level 10. HP: 68/68 MP: 23/23
 11369 | D:6      | Killed Edmund
 11393 | D:6      | Found a staircase to the Ecumenical Temple.
 11418 | Temple   | Entered the Ecumenical Temple
 11451 | Temple   | Became a worshipper of Sif Muna the Loreminder
 11631 | D:10     | Entered Level 10 of the Dungeon
 11669 | D:10     | Noticed a hill giant
 11708 | D:9      | Reached skill level 1 in Shields
 12176 | D:10     | Killed a hill giant
 12462 | D:10     | Noticed an elephant
 12688 | D:10     | Found a staircase to the Lair.
 13053 | D:10     | Acquired Sif Muna's first power
 13529 | D:9      | Upgraded the game from 0.13.0-15-g9204fa6 to 0.13.0-17-g5f0e85f
 14091 | D:10     | Reached skill level 8 in Spellcasting
 14482 | D:10     | Acquired Sif Muna's second power
 15148 | D:10     | Found a roughly hewn altar of Beogh.
 15271 | D:10     | Found a staircase to the Orcish Mines.
 15347 | D:10     | Reached XP level 11. HP: 71/74 MP: 11/27
 15646 | Lair:1   | Entered Level 1 of the Lair of Beasts
 15713 | D:10     | Reached skill level 9 in Spellcasting
 15923 | D:10     | Noticed a hill giant
 15940 | D:10     | Killed a hill giant
 16101 | Lair:1   | Reached skill level 1 in Air Magic
 16725 | Lair:1   | Reached skill level 1 in Evocations
 16908 | D:10     | Killed an elephant
 17272 | D:11     | Noticed a four-headed hydra
 17288 | D:11     | Noticed Sonja
 17957 | Lair:1   | Reached skill level 5 in Fighting
 18467 | Lair:1   | Reached skill level 10 in Spellcasting
 18830 | Lair:2   | Noticed a five-headed hydra
 18843 | Lair:2   | Killed a five-headed hydra
 18843 | Lair:2   | Acquired Sif Muna's third power
 18906 | Lair:2   | Noticed Harold
 19357 | Lair:2   | Noticed a necromancer
 19586 | Lair:2   | Reached skill level 5 in Stealth
 19586 | Lair:2   | Reached XP level 12. HP: 67/82 MP: 3/29
 19592 | Lair:2   | Learned a level 4 spell: Iskenderun's Battlesphere
 20037 | Lair:3   | Found a staircase to the Shoals.
 20615 | Lair:3   | Noticed a five-headed hydra
 20712 | Lair:3   | Got a warped robe
 20912 | Lair:3   | Identified the +1 robe of Ypnivu Lonk {rPois rC++ Str+2} (You found it on level 3 of the Lair of Beasts)
 21703 | Lair:4   | Found a burning altar of Makhleb.
 21804 | Lair:4   | Reached skill level 1 in Maces & Flails
 23059 | Lair:5   | Found a hole to the Spider Nest.
 23341 | Lair:5   | Reached skill level 5 in Shields
 23609 | Lair:5   | Reached skill level 1 in Charms
 23666 | Lair:5   | Noticed a seven-headed hydra
 23890 | Lair:5   | Killed a seven-headed hydra
 23890 | Lair:5   | Reached skill level 5 in Hexes
 23890 | Lair:5   | Reached skill level 1 in Invocations
 24982 | Lair:2   | Killed a necromancer
 25594 | Lair:1   | Identified Nygreyps' Disquisition on the Damaging Oath (You found it on level 1 of the Lair of Beasts)
 25649 | Lair:1   | Slain by a spiny worm

Action                   |  1- 3 |  4- 6 |  7- 9 | 10-12 || total
-------------------------+-------+-------+-------+-------++-------
Melee: Unarmed           |    11 |       |       |       ||    11
       Whip              |    73 |    55 |       |       ||   128
       Hand axe          |       |    13 |       |       ||    13
       Dagger            |       |    18 |       |       ||    18
       Mace              |       |     4 |   255 |   754 ||  1013
Throw: Dart              |     6 |       |       |       ||     6
       Javelin           |       |     2 |    24 |    39 ||    65
 Cast: Magic Dart        |    73 |    84 |   127 |   250 ||   534
       Searing Ray       |     3 |    20 |    42 |    51 ||   116
       Dazzling Spray    |       |       |    22 |   286 ||   308
       Iskenderun's Myst |       |       |    24 |   166 ||   190
       Iskenderun's Batt |       |       |       |    19 ||    19
Invok: Channel Energy    |       |       |       |    77 ||    77
Evoke: Wand              |       |       |    10 |    32 ||    42
  Use: Scroll            |       |     2 |     7 |     9 ||    18
 Stab: Sleeping          |       |     1 |     6 |     5 ||    12
       Invisible         |       |       |     1 |    15 ||    16
       Paralysed         |       |       |     3 |       ||     3
       Distracted        |       |       |       |     1 ||     1
